 Dungeon Sprint DCSS version 0.26-a0-694-g74916bafe0 (webtiles) character file.

Game seed: 1487636166037386733

921 ANON1729 the Covert (level 7, -2/32 HPs)
             Began as a Spriggan Conjurer on Oct 25, 2020.
             Was a Priest of Vehumet.
             Slain by a cyclops (34 damage)
             ... in the Dungeon (Sprint IX: "|||||||||||||||||||||||||||||").
             The game lasted 00:06:06 (1014 turns).

ANON1729 the Covert (Spriggan Conjurer)             Turns: 1014, Time: 00:06:06

Health: -2/32      AC:  2    Str:  5    XL:     7   Next: 84%
Magic:  15/22      EV: 29    Int: 29    God:    Vehumet [***...]
Gold:   0          SH:  0    Dex: 15    Spells: 19/27 levels left

rFire    + + .     SeeInvis +   m - +2 morningstar "Giantslayer" {pain, *Contam rF++ Str+2 Int+5}
rCold    . . .     Faith    .   (shield restricted)
rNeg     . . .     Spirit   .   a - +0 robe
rPois    .         Reflect  .   (helmet restricted)
rElec    .         Harm     .   (no cloak)
rCorr    .         Rampage  .   (gloves unavailable)
MR       +....     NoTele   +   (boots unavailable)
Stlth    +++++.....             (no amulet)
HPRegen  0.10/turn              l - +3 ring of intelligence
MPRegen  0.18/turn              k - +2 ring of evasion

@: very quick
A: very small, unfitting armour, see invisible, speed 3
a: Renounce Religion


You were in the Dungeon.
You worshipped Vehumet.
Vehumet was most pleased with you.
You visited 1 branch

Inventory:

Hand Weapons
 m - the +2 morningstar "Giantslayer" (weapon) {pain, *Contam rF++ Str+2 Int+5}
   (You found it in the Dungeon)

   In the hands of one skilled in necromantic magic, it inflicts extra damage on
   living creatures.
   It affects your strength (+2).
   It affects your intelligence (+5).
   It greatly protects you from fire.
   It causes magical contamination when unequipped.
 n - the +2 scimitar "Aschyraogu" {vorpal, *Rage rF++}
   (You found it in the Dungeon)

   It inflicts extra damage upon your enemies.
   It greatly protects you from fire.
   It may make you go berserk in combat.
Armour
 a - a +0 robe (worn)
Jewellery
 k - a +2 ring of evasion (right hand)
 l - a +3 ring of intelligence (left hand)
Wands
 j - a wand of acid (4)
Scrolls
 g - 3 scrolls of remove curse
 h - a scroll of blinking
 i - 2 scrolls of amnesia
Potions
 b - a potion of invisibility
 c - 4 potions of curing
 d - 3 potions of heal wounds
 e - a potion of haste
 f - 3 potions of magic


   Skills:
 + Level 12.3 Dodging
 + Level 13.2 Stealth
 + Level 10.6 Spellcasting
 + Level 7.3 Conjurations


You had 19 spell levels left.
You knew the following spells:

 Your Spells              Type           Power        Failure   Level
a - Magic Dart            Conj           ####         1%          1
b - Searing Ray           Conj           ######       1%          2
c - Foxfire               Conj/Fire      ####         1%          1
d - Fulminant Prism       Conj/Hex       #####.....   2%          4

Your spell library contained the following spells:

 Spells                   Type           Power        Failure   Level
 Ignite Poison            Fire/Tmut/Pois ###.....     3%          3
 Dazzling Flash           Conj/Hex       #####.       1%          3
 Iskenderun's Mystic Bla  Conj/Tloc      #####...     2%          4


Dungeon Overview and Level Annotations

Branches:
Dungeon (1/1)

Altars:
Cheibriados
Dithmenos
Elyvilon
Fedhas
Gozag
Hepliaklqana
Kikubaaqudgha
Makhleb
Nemelex Xobeh
Okawaru
Qazlal
Ru
Sif Muna
Trog
Uskayaw
Vehumet
Wu Jian
Xom
Yredelemnul
Zin
The Shining One
Beogh
Jiyva
Lugonu


Innate Abilities, Weirdness & Mutations

You are very small and have problems with some larger weapons.
You are too small for most types of armour.
You have supernaturally acute eyesight. (SInv)
You cover ground extremely quickly.


Message History

There is an open door to the Temple here.
You close the door.
You start resting.
A cyclops opens the door.
Casting: Searing Ray (safe; 1% risk of failure)
Confirm with . or Enter, or press ? or * to list all spells.
Aiming: Searing Ray (safe; 1% risk of failure)
Press: ? - help, Shift-Dir - straight line, f - cyclops
Aim: a cyclops, quivering 4 large rocks (wandering, hasn't noticed you)
The searing ray hits the cyclops!
The cyclops is moderately wounded.
The cyclops shouts! (Press . to maintain the ray.)
The searing ray hits the cyclops!
The cyclops is heavily wounded.
The searing ray hits the cyclops!
The cyclops is severely wounded.
The cyclops hits you!!
Ouch! That really hurt!
You die... ▓▓▓▓▓▓▓▓▓▓▓▓▓▓▓▓▓▓▓▓▓▓▓▓▓▓▓▓▓▓▓▓▓ ▓<)..'.....')..)@C________C______ ▓▓▓▓▓▓▓▓▓▓▓▓▓▓▓▓▓▓▓▓▓▓▓▓▓▓▓▓▓▓▓▓▓

You could see a cyclops.

Vanquished Creatures
  An ugly thing (D)
  A slime creature (D)
  An orc warrior (D)
  A phantom (D)
  An ogre (D)
  A hound (D)
  A jelly (D)
  A worker ant (D)
  3 adders (D)
  A dart slug (D)
  3 leopard geckos (D)
  An orc (D)
  A bat zombie (D)
  A hobgoblin (D)
  2 frilled lizards (D)
  A rat (D)
21 creatures vanquished.

Notes
Turn   | Place    | Note
-------+----------+-------------------------------------------
     0 | D        | ANON1729 the Spriggan Conjurer began the quest for the Orb.
     0 | D        | Reached XP level 1. HP: 9/9 MP: 5/5
    38 | D        | Reached skill level 4 in Stealth
   200 | D        | Noticed a worker ant
   232 | D        | Reached XP level 2. HP: 7/13 MP: 1/8
   239 | D        | Learned a level 2 spell: Searing Ray
   242 | D        | Reached skill level 5 in Stealth
   245 | D        | Reached skill level 5 in Dodging
   245 | D        | Reached skill level 6 in Stealth
   245 | D        | Reached XP level 3. HP: 16/16 MP: 5/10
   304 | D        | Found a roughly hewn altar of Beogh.
   304 | D        | Found a snail-covered altar of Cheibriados.
   304 | D        | Found a shadowy altar of Dithmenos.
   304 | D        | Found a white marble altar of Elyvilon.
   304 | D        | Found a blossoming altar of Fedhas.
   304 | D        | Found an opulent altar of Gozag.
   305 | D        | Found a hazy altar of Hepliaklqana.
   306 | D        | Found a viscous altar of Jiyva.
   307 | D        | Found an ancient bone altar of Kikubaaqudgha.
   308 | D        | Found a corrupted altar of Lugonu.
   309 | D        | Found a burning altar of Makhleb.
   310 | D        | Found a sparkling altar of Nemelex Xobeh.
   311 | D        | Found an iron altar of Okawaru.
   312 | D        | Found a stormy altar of Qazlal.
   313 | D        | Found a sacrificial altar of Ru.
   314 | D        | Found a shimmering blue altar of Sif Muna.
   315 | D        | Found a bloodstained altar of Trog.
   316 | D        | Found a hide-covered altar of Uskayaw.
   317 | D        | Found a radiant altar of Vehumet.
   318 | D        | Found an ornate altar of the Wu Jian Council.
   319 | D        | Found a shimmering altar of Xom.
   320 | D        | Found a basalt altar of Yredelemnul.
   321 | D        | Found a glowing silver altar of Zin.
   322 | D        | Found a glowing golden altar of the Shining One.
   393 | D        | Found the +12 glaive of Prune {vorpal}
   416 | D        | Got the +2 morningstar "Giantslayer" {pain, *Contam rF++
                  | Str+2 Int+5}
   416 | D        | Got the +2 scimitar "Aschyraogu" {vorpal, *Rage rF++}
   453 | D        | Became a worshipper of Vehumet
   469 | D        | Noticed a phantom
   472 | D        | Reached skill level 5 in Spellcasting
   472 | D        | Reached XP level 4. HP: 19/21 MP: 9/12
   472 | D        | Reached skill level 7 in Stealth
   472 | D        | Reached * piety under Vehumet
   472 | D        | Offered knowledge of Foxfire by Vehumet.
   477 | D        | Reached skill level 8 in Stealth
   478 | D        | Killed a phantom
   478 | D        | Reached ** piety under Vehumet
   478 | D        | Reached skill level 9 in Stealth
   478 | D        | Reached skill level 5 in Conjurations
   478 | D        | Reached XP level 5. HP: 22/24 MP: 4/15
   561 | D        | Learned a level 1 spell: Foxfire
   564 | D        | Noticed a purple ugly thing
   564 | D        | Noticed a slime creature
   564 | D        | Noticed an ogre
   564 | D        | Noticed an orc warrior
   564 | D        | Noticed a cyclops
   686 | D        | Killed a purple ugly thing
   686 | D        | Offered knowledge of Shock by Vehumet.
   686 | D        | Reached skill level 12 in Stealth
   686 | D        | Reached XP level 6. HP: 5/28 MP: 13/19
   686 | D        | Reached XP level 7. HP: 6/32 MP: 14/21
   692 | D        | Learned a level 4 spell: Fulminant Prism
   944 | D        | Offered knowledge of Ignite Poison by Vehumet.
   951 | D        | Killed a slime creature
   951 | D        | Reached *** piety under Vehumet
   951 | D        | Reached skill level 13 in Stealth
   951 | D        | Reached skill level 10 in Spellcasting
  1014 | D        | Slain by a cyclops

Illustrated notes

Levels and vault maps discovered:
D:        linesprint [early_d, line_temple, items_1, d_10, items_2, lair_1,
          lair_end, items_3, orc_1, orc_end, items_4, d_15, swamp_1, shoals_1,
          snake_1, spider_1, d_20, vaults_1, items_5, swamp_end, shoals_end,
          snake_end, spider_end, vaults_end, d_27, items_6, zot_1, zot_end,
          crypt_end, forest_end, elf_end, slime_end, tomb_end, abyss_end,
          pan_hell_end]

Skill      XL: |  1  2  3  4  5  6  7 |
---------------+----------------------+-----
Spellcasting   | 4 5 7 9 10 | 10.6
Conjurations   | 3 4 5 6 7 |  7.3
Stealth        | 4 6 9 12 13 | 13.2
Dodging        | 4 5 6 8 11 12 | 12.3

Action                   |  1- 3 |  4- 6 |  7- 9 || total
-------------------------+-------+-------+-------++-------
Melee: Unarmed           |    37 |       |       ||    37
       Morningstar       |       |       |    11 ||    11
 Cast: Magic Dart        |    16 |       |       ||    16
       Searing Ray       |     2 |     2 |     5 ||     9
Evoke: Wand              |       |     6 |       ||     6
  Use: Potion            |     3 |       |       ||     3
       Scroll            |       |     1 |       ||     1
Armor: Robe              |     3 |       |       ||     3
Dodge: Dodged            |    47 |     4 |    15 ||    66

Table legend: (Time is in decaauts)
 A = Elapsed time spent in this place.
 B = Non-inter-level travel time spent in this place.
 C = Inter-level travel time spent in this place.
 D = Time resting spent in this place.
 E = Time spent auto-exploring this place.
 F = Levels seen in this place.
 G = Mean time per level.
                   A        B        C        D        E       F      G
               +--------+--------+--------+--------+--------+-----+--------+
         Total |    914 |    914 |      0 |    590 |     10 |   1 |  914.0 |
       Dungeon |    914 |    914 |      0 |    590 |     10 |   1 |  914.0 |
               +--------+--------+--------+--------+--------+-----+--------+

Top non-repeatable levels by time:
       D: 914 daAuts
